 Dungeon Crawl Stone Soup version 0.20-a0-893-g832831a (webtiles) character file.

1481 4thArraOfDagon the Gouger (level 8, -1/40 HPs)
             Began as a Felid Wanderer on Mar 17, 2017.
             Was a Priest of Cheibriados.
             Slain by StylePro's ghost (24 damage)
             ... on level 9 of the Dungeon.
             The game lasted 00:22:44 (3756 turns).

4thArraOfDagon the Gouger (Felid Wanderer)          Turns: 3756, Time: 00:22:45

Health: -1/40      AC:  6    Str: 14    XL:     8   Next: 50%
Magic:  9/13       EV: 27    Int: 27    God:    Cheibriados [***...]
Gold:   235        SH:  0    Dex: 23    Spells: 2/13 levels left
                                        Lives:  0   Deaths: 2

rFire    . . .     SeeInvis +     - Unarmed
rCold    . . .     Gourm    .   (armour unavailable)
rNeg     . . .     Faith    .   (shield unavailable)
rPois    .         Spirit   .   (helmet unavailable)
rElec    .         Reflect  .   (cloak unavailable)
rCorr    .         Harm     +   (gloves unavailable)
MR       +....                  (boots unavailable)
Stlth    ++++++....             p - amulet of harm
Regen    0.2/turn               x - ring of Tusmucur {AC+4 Int+3}
MPRegen  0.2/turn               r - ring of stealth

@: very slightly contaminated, very slow
A: no armour, no weapons or thrown items, stealth, antennae 1, claws 1, fangs 3,
repulsion field 1, see invisible, carnivore 3, speed 1, robust 1, shaggy fur 2,
slow metabolism 1, sharp paws
a: Bend Time, Temporal Distortion, Renounce Religion


You were on level 9 of the Dungeon.
You worshipped Cheibriados.
Cheibriados was most pleased with you.
You were completely stuffed.

You visited 2 branches of the dungeon, and saw 11 of its levels.

You collected 235 gold pieces.

Inventory:

Missiles
 A - a throwing net
Jewellery
 f - an uncursed ring of protection from magic
 k - an uncursed ring of protection from magic
 l - an uncursed ring of fire
 m - an uncursed ring of protection from cold
 p - an amulet of harm (around neck)
 r - a ring of stealth (left paw)
 s - an uncursed ring of positive energy
 u - a cursed amulet of inaccuracy
 v - an uncursed ring of positive energy
 x - the ring of Tusmucur (right paw) {AC+4 Int+3}
   (You found it on level 4 of the Dungeon)

   [ring of protection]

   It affects your AC (+4).
   It affects your intelligence (+3).
 B - the ring "Anomosut" {rF+ Int+5}
   (You found it on level 10 of the Dungeon)

   [ring of protection from fire]

   It affects your intelligence (+5).
   It protects you from fire.
Wands
 g - a wand of paralysis (0/24)
 h - a wand of disintegration (0/24)
 n - a wand of random effects (16/48)
Scrolls
 c - a scroll of identify
 e - 3 scrolls of fog
 o - 2 scrolls of noise
 q - a scroll of remove curse
 y - a scroll of random uselessness
 C - a scroll of immolation
Potions
 i - a potion of agility
 t - a potion of haste
 w - a potion of lignification
 z - 2 potions of curing
Books
 a - a book of Spatial Translocations

   Spells                             Type                      Level
   a - Blink                          Translocation                2
   b - Shroud of Golubria             Charms/Translocation         2
   c - Lesser Beckoning               Translocation                3
   d - Gell's Gravitas                Translocation                3
   e - Teleport Other                 Translocation                3
   f - Passage of Golubria            Translocation                4
 b - the Collected Works on Contamination

   Spells                             Type                      Level
   a - Sting                          Conjuration/Poison           1
   b - Spider Form                    Transmutation/Poison         3
Comestibles
 d - 7 meat rations
 j - 3 royal jellies


   Skills:
 + Level 5.0 Fighting
 + Level 7.4 Dodging
 + Level 7.6 Stealth
 * Level 8.1 Unarmed Combat
 - Level 3.0 Spellcasting
   Level 1.5 Hexes
 - Level 5.8 Translocations
 - Level 2.4 Transmutations
 - Level 2.0 Poison Magic
 + Level 3.7 Invocations


You had 2 spell levels left.
You knew the following spells:

 Your Spells              Type           Power        Failure   Level  Hunger
a - Blink                 Tloc           N/A          1%          2    #......
b - Passage of Golubria   Tloc           N/A          10%         4    ####...
c - Spider Form           Tmut/Pois      ###.......   14%         3    ###....
d - Passwall              Tmut/Erth      ##........   12%         2    #......


Dungeon Overview and Level Annotations

Branches:
Dungeon (10/15)            Temple (1/1) D:6
   Lair: D:8-11         Orc: D:9-12

Altars:
Ashenzari
Cheibriados
Dithmenos
Elyvilon
Fedhas
Gozag
Hepliaklqana
Kikubaaqudgha
Makhleb
Nemelex Xobeh
Okawaru
Qazlal
Ru
Sif Muna
Vehumet
Wu Jian
Yredelemnul
Zin
The Shining One

Annotations:
D:4 Duvessa
D:7 1 runed door
D:9 StylePro's ghost, journeyman DsAK
D:10 Harold


Innate Abilities, Weirdness & Mutations

You cannot wear armour.
You are incapable of wielding weapons or throwing items.
Your paws allow you to move quietly. (Stealth)
You have sharp claws.
You have razor-sharp teeth.
You have supernaturally acute eyesight. (SInv)
You are carnivorous and can eat meat at any time.
You cover ground quickly.
You are covered in thick fur. (AC +2)
You have a slow metabolism.
Your sharp claws are effective at attacking unaware monsters.
You have a pair of small antennae on your head.
You are surrounded by a mild repulsion field. (EV +2)
You are robust. (+10% HP)


Message History

You see here an arrow.
Unknown command.
Okay, then.
Unknown command.
Casting: Spider Form
Confirm with . or Enter, or press ? or * to list all spells.
Okay, then.
Unknown command.
Casting: Spider Form
Confirm with . or Enter, or press ? or * to list all spells.
Aiming: Passage of Golubria
Press: ? - help, Dir - move target cursor You miscast Passage of Golubria.
You are very lightly contaminated with residual magic.
Your skin tingles.
The centaur shoots an arrow.
The arrow misses you.
The arrow closely misses the black bear.
The black bear bites you. The black bear claws you.
The black bear closely misses you. StylePro's ghost hits you!!
Ouch! That really hurt!
You die...

#.## ..
..####.<.[..
...........
#..........
#..........
#..........
#..........
#..W.....c.
#.h@.......
#..........
#..........
###########


You could see a black bear, a centaur and StylePro's ghost.

Vanquished Creatures
  Erica (D:8)
  Grinder (D:4)
  A hippogriff (D:9)
  Sigmund (D:3)
  2 ice beasts (D:7)
  An orc warrior (D:7)
  A sky beast (D:3)
  A black bear (D:9)
  An eye of draining (D:9)
  A necrophage (D:5)
  2 ogres
  A crocodile (D:7)
  A big kobold (D:7)
  2 bullfrogs
  A wight (D:7)
  A centaur zombie (D:5)
  A howler monkey (D:7)
  A quasit (D:9)
  An orc priest (D:7)
  3 hounds
  2 bullfrog skeletons
  A centaur skeleton (D:7)
  Ijyb (D:2)
  3 orc wizards
  9 worker ants
  A hound zombie (D:8)
  4 adders
  5 shadow imps
  2 oozes
  2 adder skeletons
  A dart slug (D:3)
  3 leopard geckos
  22 orcs
  2 ball pythons
  4 giant cockroaches
  7 goblins
  4 hobgoblins
  3 jackals (D:2)
  11 kobolds
  2 bats (D:3)
  A frilled lizard (D:3)
  A jackal skeleton (D:8)
  4 rats
120 creatures vanquished.

Notes
Turn   | Place    | Note
-------+----------+-------------------------------------------
     0 | D:1      | 4thArraOfDagon the Felid Wanderer began the quest for the Orb.
     0 | D:1      | 4thArraOfDagon set off with: a book of Spatial Translocations, the Collected Works on Contamination, a scroll of teleportation, a meat ration
     0 | D:1      | Reached XP level 1. HP: 7/7 MP: 5/5
     0 | D:1      | Identified the Collected Works on Contamination
   106 | D:3      | Reached skill level 1 in Unarmed Combat
   178 | D:4      | Noticed Grinder
   182 | D:4      | Noticed a worker ant
   190 | D:4      | Killed a worker ant
   190 | D:4      | Reached skill level 2 in Unarmed Combat
   190 | D:4      | Reached XP level 2. HP: 6/11 MP: 7/7
   190 | D:4      | Reached XP level 3. HP: 8/14 MP: 8/8
   235 | D:4      | Reached skill level 1 in Dodging
   235 | D:4      | Reached skill level 3 in Unarmed Combat
   276 | D:4      | Killed Grinder
   276 | D:4      | Reached skill level 5 in Unarmed Combat
   276 | D:4      | Reached XP level 4. HP: 4/18 MP: 9/9
   276 | D:4      | Reached XP level 5. HP: 4/21 MP: 10/10
   310 | D:5      | Entered Level 5 of the Dungeon
   333 | D:5      | Learned a level 2 spell: Blink
   338 | D:5      | Learned a level 4 spell: Passage of Golubria
   342 | D:5      | Learned a level 3 spell: Spider Form
   553 | D:5      | Gained mutation: You are covered in thick fur. (AC +2) [Felid growth]
   553 | D:5      | Reached XP level 6. HP: 18/24 MP: 11/11
   611 | D:5      | Found a hazy altar of Hepliaklqana.
   674 | D:5      | Reached skill level 1 in Fighting
   674 | D:5      | Reached skill level 1 in Transmutations
   674 | D:5      | Reached skill level 1 in Poison Magic
   710 | D:6      | Learned a level 2 spell: Passwall
   802 | D:7      | Found an ornate altar of the Wu Jian Council.
   839 | D:7      | Found an iron altar of Okawaru.
   852 | D:7      | Reached XP level 7. HP: 28/28 MP: 12/12
   923 | D:6      | Noticed a wyvern
   927 | D:6      | Slain by a wyvern
   928 | D:6      | Reached XP level 6. HP: 0/25 MP: 11/11
   957 | D:6      | Found a staircase to the Ecumenical Temple.
   966 | Temple   | Entered the Ecumenical Temple
   986 | Temple   | Became a worshipper of Cheibriados the Contemplative
  1142 | D:6      | Gained mutation: You have a pair of small antennae on your head. [potion of mutation]
  1142 | D:6      | Gained mutation: You are robust. (+10% HP) [potion of mutation]
  1142 | D:6      | Gained mutation: You are surrounded by a mild repulsion field. (EV +2) [potion of mutation]
  1275 | D:5      | Found a burning altar of Makhleb.
  1275 | D:5      | Noticed an Executioner
  1278 | D:5      | Noticed a ynoxinul
  1278 | D:5      | Noticed an orange demon
  1320 | D:5      | Reached skill level 5 in Dodging
  1320 | D:5      | Reached XP level 7. HP: 20/33 MP: 12/12
  1673 | D:3      | Reached * piety under Cheibriados
  1697 | D:3      | Noticed Sigmund
  1704 | D:3      | Killed Sigmund
  1704 | D:3      | Reached skill level 6 in Unarmed Combat
  1760 | D:3      | Reached skill level 5 in Stealth
  1852 | D:2      | Noticed Ijyb
  1857 | D:2      | Killed Ijyb
  2044 | D:1      | Reached ** piety under Cheibriados
  2189 | D:2      | Found a white marble altar of Elyvilon.
  2428 | D:4      | Got a fine lead ring
  2430 | D:4      | Identified the ring of Tusmucur {AC+4 Int+3} (You found it on level 4 of the Dungeon)
  2480 | D:4      | Noticed Duvessa
  2626 | D:7      | Reached XP level 8. HP: 12/37 MP: 4/13
  2750 | D:7      | Reached skill level 1 in Invocations
  2816 | D:8      | Noticed Erica
  2957 | D:8      | Found a glowing golden altar of the Shining One.
  3101 | D:7      | Reached skill level 7 in Unarmed Combat
  3103 | D:7      | Found a runed door.
  3103 | D:7      | Noticed a sixfirhy
  3235 | D:7      | Reached *** piety under Cheibriados
  3295 | D:9      | Noticed a hippogriff
  3303 | D:9      | Killed a hippogriff
  3335 | D:9      | Reached XP level 9. HP: 38/42 MP: 1/14
  3339 | D:9      | Noticed StylePro's ghost (journeyman DsAK)
  3488 | D:8      | Killed Erica
  3488 | D:8      | Reached skill level 8 in Unarmed Combat
  3596 | D:9      | Found a stormy altar of Qazlal.
  3626 | D:10     | Entered Level 10 of the Dungeon
  3653 | D:10     | Noticed a two-headed ogre
  3656 | D:10     | Noticed Harold
  3671 | D:10     | Mangled by a two-headed ogre
  3672 | D:10     | Reached XP level 8. HP: -7/39 MP: 13/13
  3677 | D:10     | Identified the ring "Anomosut" {rF+ Int+5} (You found it on level 10 of the Dungeon)
  3700 | D:10     | Reached skill level 5 in Fighting
  3756 | D:9      | Slain by StylePro's ghost

Vault maps used:
D:1:      tarquinn_simple_flora_water_d, roderic_serpentine_path
D:2:      lemuel_round_altar, gammafunk_temple_overflow_pools, uniq_iyjb
D:3:      uniq_sigmund
D:4:      feat_on_display, uniq_duvessa, uniq_grinder
D:5:      old_standard_altar, makhleb_altar_promises_db, first_bread,
          led_sif_pool
D:6:      minmay_temple_entry_mist
D:7:      cheibrodos_shockbox, marbit_many_paths, okawaru_metal_pillars_3,
          grunt_livestock
D:8:      kennysheep_spiral_hall, nicolae_overflow_hidden_temple, uniq_erica
D:9:      lemuel_crystal_altar, lemuel_crystal_altar,
          kennysheep_orc_monster_closet_entryway, billiards_dpeg
D:10:     lair_entry_dummy, serial_shops, shop, minmay_misc_feat_chi,
          nicolae_ru_path_of_blood, uniq_harold
Temple:   minmay_temple_bridge_abc

Skill      XL: |  1  2  3  4  5  6  7  8  9 |
---------------+----------------------------+-----
Unarmed Combat | 2 5 6 7 8 |  8.1
Dodging        | 3 5 6 7 |  7.4
Fighting       | 2 3 5 |  5.0
Stealth        | 4 5 6 7 |  7.6
Transmutations | 2 |  2.4
Poison Magic   | 2 |  2.0
Invocations    | 2 3 |  3.7
Spellcasting   | |  3.0
Hexes          | |  1.5
Translocations | |  5.8

Action                   |  1- 3 |  4- 6 |  7- 9 || total
-------------------------+-------+-------+-------++-------
Melee: Unarmed           |    28 |    49 |   259 ||   336
       Bite              |     6 |     3 |    24 ||    33
       Punch             |     1 |     1 |     5 ||     7
 Cast: Spider Form       |       |       |     9 ||     9
       Passage of Golubr |       |       |     1 ||     1
Invok: Bend Time         |       |       |     2 ||     2
 Abil: End Transformatio |       |       |     2 ||     2
Evoke: Wand              |     3 |    18 |     4 ||    25
  Use: Scroll            |     3 |     8 |     7 ||    18
       Potion            |     2 |     2 |     5 ||     9
 Stab: Paralysed         |     8 |     5 |     2 ||    15
       Sleeping          |     1 |     4 |    15 ||    20
  Eat: Chunk             |     5 |     8 |     9 ||    22
Armor: Skin              |     2 |       |    33 ||    35
Dodge: Dodged            |    21 |    25 |   208 ||   254
